 Dungeon Crawl Stone Soup version 0.23.1 (webtiles) character file.

Game seed: 18122102964518378413

154 Xenon25 the Cudgeler (level 5, -9/45 HPs)
             Began as a Hill Orc Fighter on Mar 10, 2019.
             Killed by divine providence
             ... invoked by an orc priest
              (14 damage)
             ... on level 4 of the Dungeon.
             The game lasted 00:11:06 (2884 turns).

Xenon25 the Cudgeler (Hill Orc Fighter)             Turns: 2884, Time: 00:11:07

Health: -9/45      AC: 10    Str: 23 (25) XL:     5   Next: 36%
Magic:  0/5        EV:  7    Int: 10 (11) God:
Gold:   126        SH:  9    Dex:  8 (10) Spells: 4/4 levels left

rFire    . . .     SeeInvis .   a - +0 flail
rCold    . . .     Gourm    .   c - +0 shield
rNeg     . . .     Faith    .   b - +0 scale mail
rPois    .         Spirit   +   s - +2 helmet {Int+3}
rElec    .         Reflect  .   (no cloak)
rCorr    .         Harm     .   (no gloves)
MR       .....                  (no boots)
Stlth    ..........             q - amulet of guardian spirit
HPRegen  0.15/turn              (no ring)
MPRegen  0.09/turn              (no ring)

@: mighty, flying
A: no striking features
a: Convert to Beogh


You were on level 4 of the Dungeon.
You were not hungry.

You visited 1 branch of the dungeon, and saw 4 of its levels.

You collected 126 gold pieces.

Inventory:

Hand Weapons
 a - a +0 flail (weapon)
 w - a +0 mace
Armour
 b - a +0 scale mail (worn)
 c - a +0 shield (worn)
 o - a +0 helmet
 s - a +2 helmet of intelligence (worn)
Jewellery
 h - an uncursed amulet of inaccuracy
 q - an amulet of guardian spirit (around neck)
Scrolls
 e - 2 scrolls of remove curse
 i - 2 scrolls of identify
 l - 4 scrolls of enchant weapon {unknown}
 m - 2 scrolls of enchant armour {unknown}
 p - a scroll of magic mapping {unknown}
 r - a scroll of noise {unknown}
 t - a scroll of fear {unknown}
Potions
 d - a potion of might
 g - 2 potions of degeneration
 j - 3 potions of flight
 k - a potion of berserk rage {unknown}
 n - a potion of ambrosia {unknown}
 u - a potion of curing {unknown}
Comestibles
 f - 4 rations
 v - 2 chunks of flesh


   Skills:
 - Level 3.6 Fighting
 + Level 5.7 Maces & Flails
 - Level 3.2 Armour
 + Level 0.9 Stealth
 - Level 3.2 Shields


You had 4 spell levels left.
You didn't know any spells.
Your spell library was empty.

Dungeon Overview and Level Annotations

Branches:
Dungeon (4/15)
 Temple: D:4-7

Altars:
Gozag
Uskayaw


Message History

You block the orc wizard's attack.
You closely miss the orc wizard.
The orc wizard hits you but does no damage.
The orc priest barely misses you.
The orc wizard hits you but does no damage.
You feel very mighty all of a sudden.
The orc wizard hits you but does no damage.
The orc priest closely misses you.
It was a potion of degeneration.
There was something very wrong with that liquid.
You feel weakened.
You feel dopey.
You feel clumsy. You block the orc wizard's attack.
The orc priest miscasts a cantrip.
The orc wizard hits you but does no damage.
You barely miss the orc wizard.
The orc wizard gestures wildly while chanting.
The orc wizard blinks!
The orc priest calls down the wrath of Beogh upon you.
Beogh smites you!
You die...

..#...######
.##.#......#. ..
.##.##.....#. ..
.....(.....#.##.
..........##....
###.###......#.#
..........##.#.#
###<##..#.##.#.#####.#
#.##..#.##...ยง@oo..#
###.##..#.####.#####.#
.............o.#
######.##.###### .#
#.##.# .# ##.##.# .#
##...#)# .###......#
..........#


You could see 2 orc priests and an orc wizard.

Vanquished Creatures
  A crimson imp (D:4)
  A hound (D:4)
  An orc wizard (D:4)
  2 worms (D:2)
  A dart slug (D:2)
  A leopard gecko (D:3)
  4 orcs (D:4)
  2 ball pythons
  7 hobgoblins
  2 bats
  2 frilled lizards
  6 goblins
  3 goblin skeletons (D:4)
  A goblin zombie (D:4)
  A hobgoblin zombie (D:4)
  7 kobolds
  A kobold skeleton (D:4)
  3 kobold zombies (D:4)
  An orc skeleton (D:4)
  2 orc zombies (D:4)
  8 rats
57 creatures vanquished.

Notes
Turn   | Place    | Note
-------+----------+-------------------------------------------
     0 | D:1      | Xenon25 the Hill Orc Fighter began the quest for the Orb.
     0 | D:1      | Reached XP level 1. HP: 19/19 MP: 1/1
   151 | D:1      | Reached XP level 2. HP: 25/26 MP: 2/2
   238 | D:1      | Reached skill level 3 in Maces & Flails
   893 | D:2      | Found an opulent altar of Gozag.
  1077 | D:2      | Reached XP level 3. HP: 8/31 MP: 3/3
  1542 | D:2      | Reached skill level 4 in Maces & Flails
  2629 | D:4      | Reached XP level 4. HP: 32/39 MP: 2/4
  2644 | D:4      | Reached skill level 5 in Maces & Flails
  2680 | D:4      | Reached XP level 5. HP: 30/45 MP: 5/5
  2752 | D:4      | Found a hide-covered altar of Uskayaw.
  2754 | D:4      | Noticed a +0 hand axe
  2754 | D:4      | Noticed a +0 hand axe
  2884 | D:4      | Killed from afar by an orc priest

Skill      XL: |  1  2  3  4 |
---------------+-------------+-----
Maces & Flails | 3 4 5 |  5.7
Fighting       | |  3.6
Armour         | |  3.2
Stealth        | |  0.9
Shields        | |  3.2

Action                   |  1- 3 |  4- 6 || total
-------------------------+-------+-------++-------
Melee: Flail             |   160 |    77 ||   237
  Use: Scroll            |     2 |       ||     2
       Potion            |       |     3 ||     3
  Eat: Chunk             |     2 |     1 ||     3
       Ration            |     1 |       ||     1
Armor: Scale mail        |    66 |    36 ||   102
Dodge: Dodged            |    34 |    25 ||    59
Block: Shield            |    86 |    34 ||   120
